AoeStats
← AmiralBonzai

Yucatan

510492666Analyzed
4v4 RM · 16h ago on Oct 1, 2026· 61m 49s· 8 players
Game mode
Random Map
Map size
Large (8 player)
Population
200
Speed
Normal
Resources
Standard
Victory
Conquest
Starting age
Dark Age
Ending age
Imperial Age
RankedLock teamsTeams togetherTeam positionsShared explorationLock speedFull tech treeHidden civsTurbo modeCheats
Victory
Defeat
🇹🇷 Khmer · Türkiye
848
+7
🇫🇷 Varangians · France
827
+7
🇹🇷 Huns · Türkiye
749
+10
🇹🇷 Mongols · Türkiye
663
+30
🇨🇿 Bohemians · Czechia
826
-17
🇦🇷 Berbers · Argentina
628
-10
🇮🇳 Maya · India
514
-6
🇪🇸 Khmer · Spain
457
-5
Lucasavend
1:36 Loom
13:42 Feudal Age
15:48 Wheelbarrow
15:41 Double-Bit Axe
15:40 Horse Collar
16:06 Town Watch
16:25 Gold Mining
16:28 Stone Mining
25:30 Castle Age
26:32 Bow Saw
27:44 Hand Cart
27:34 Heavy Plow
29:40 Gold Shaft Mining
29:43 Stone Shaft Mining
35:23 Imperial Age
33:31 Husbandry
39:35 Ballistics
39:31 Fortified Wall
39:23 Murder Holes
40:30 Crop Rotation
40:29 Conscription
43:54 Bloodlines
45:33 Thumb Ring
45:35 Fletching
45:56 Forging
47:16 Kasbah
47:53 Hoardings
48:20 Caravan
49:41 Bodkin Arrow
49:54 Scale Barding Armor
54:58 Bracer
55:19 Chain Barding Armor
55:36 Iron Casting
60:05 Chemistry
59:18 Masonry
58:53 Treadmill Crane
ruben92_7
11:48 Feudal Age
16:58 Wheelbarrow
25:32 Castle Age
35:31 Hand Cart
43:30 Imperial Age
46:04 Elite Ballista Elephant
51:50 Double Crossbow
53:19 Cavalier
54:01 Husbandry
spajkymc
11:01 Feudal Age
11:28 Loom
15:05 Double-Bit Axe
16:24 Forging
19:06 Scale Mail Armor
19:13 Scale Barding Armor
21:10 Castle Age
21:03 Horse Collar
22:11 Wheelbarrow
22:12 Husbandry
24:27 Bow Saw
25:43 Heavy Plow
28:08 Hand Cart
29:36 Town Watch
30:19 Murder Holes
32:54 Chemistry
34:38 Iron Casting
34:24 Chain Barding Armor
37:13 Ballistics
37:04 Masonry
40:02 Imperial Age
40:12 Cavalier
47:29 Blast Furnace
46:30 Scale Mail Armor
46:23 Pikeman
47:26 Squires
47:54 Halberdier
49:09 Elite Hussite Wagon
52:17 Two-Man Saw
58:33 Wagenburg Tactics
ShrouD
16:17 Feudal Age
17:58 Wheelbarrow
17:40 Double-Bit Axe
17:48 Stone Mining
17:49 Gold Mining
23:35 Castle Age
25:21 Hand Cart
25:15 Eagle Warrior
28:26 Padded Archer Armor
28:27 Scale Mail Armor
30:45 Loom
30:46 Town Watch
40:15 Imperial Age
37:55 Hul'che Javelineers
41:12 Leather Archer Armor
40:47 Fletching
41:13 Chain Mail Armor
41:08 Forging
40:23 Elite Plumed Archer
41:41 Holcans
47:21 Ring Archer Armor
46:46 Bodkin Arrow
47:21 Plate Mail Armor
47:27 Iron Casting
46:55 Caravan
47:25 Coinage
47:07 Guilds
48:59 Elite Eagle Warrior
52:35 Hoardings
51:31 Sappers
52:21 Conscription
53:34 Bracer
54:38 Blast Furnace
55:52 Treadmill Crane
56:42 Shipwright
56:15 Guard Tower
56:53 Ballistics
57:34 Chemistry
57:45 Chemistry
maxoog93
2:38 Loom
11:30 Feudal Age
13:22 Double-Bit Axe
19:36 Castle Age
18:04 Forging
17:59 Scale Barding Armor
17:46 Fletching
18:24 Gold Mining
18:25 Stone Mining
19:20 Horse Collar
20:27 Heavy Plow
23:07 Bow Saw
30:00 Wheelbarrow
32:22 Imperial Age
29:57 Light Cavalry
30:38 Husbandry
30:49 Bloodlines
31:18 Hand Cart
33:24 Stone Shaft Mining
33:28 Iron Casting
35:43 Caravan
37:11 Chain Barding Armor
37:52 Blast Furnace
37:54 Crop Rotation
37:47 Conscription
37:53 Hussar
39:13 Bodkin Arrow
39:54 Plate Barding Armor
41:50 Elite Jarl
42:37 Bracer
49:22 Capped Ram
50:36 Siege Ram
61:50 Ballistics
61:22 Heated Shot
61:29 Murder Holes
61:16 Treadmill Crane
62:38 Chemistry
61:44 Siege Engineers
Mert
1:00 Loom
16:32 Feudal Age
17:27 Horse Collar
17:34 Double-Bit Axe
22:15 Castle Age
24:40 Bow Saw
25:06 Heavy Plow
24:58 Stone Mining
24:58 Gold Mining
26:06 Gold Mining
27:23 Town Watch
30:51 Wheelbarrow
32:42 Husbandry
33:27 Gold Shaft Mining
33:57 Tusk Swords
34:10 Bloodlines
34:18 Hand Cart
35:22 Stone Shaft Mining
35:02 Scale Barding Armor
35:36 Forging
38:10 Imperial Age
37:01 Chain Barding Armor
37:17 Iron Casting
38:25 Town Patrol
38:45 Padded Archer Armor
38:36 Fletching
39:23 Elite Battle Elephant
40:51 Crop Rotation
41:09 Plate Barding Armor
41:30 Hoardings
41:33 Ballistics
41:11 Murder Holes
41:28 Fortified Wall
43:51 Blast Furnace
45:15 Conscription
44:27 Sappers
46:02 Chemistry
47:13 Double Crossbow
47:47 Elite Ballista Elephant
48:47 Leather Archer Armor
48:28 Bodkin Arrow
48:34 Scale Mail Armor
50:10 Siege Engineers
50:15 Masonry
50:43 Ring Archer Armor
50:14 Bracer
52:57 Chain Mail Armor
53:14 Coinage
52:44 Caravan
55:11 Architecture
56:46 Banking
61:33 Light Cavalry
BUGABUG
0:30 Loom
13:07 Feudal Age
13:40 Double-Bit Axe
14:43 Wheelbarrow
15:45 Gold Mining
17:42 Stone Mining
25:13 Castle Age
28:29 Padded Archer Armor
29:42 Pikeman
30:29 Husbandry
30:40 Bloodlines
30:40 Scale Barding Armor
30:47 Forging
33:16 Bow Saw
32:49 Horse Collar
34:05 Marauders
34:47 Iron Casting
43:28 Heavy Plow
48:39 Imperial Age
46:40 Chain Barding Armor
50:25 Plate Barding Armor
50:51 Blast Furnace
50:16 Conscription
55:00 Elite Tarkan
56:37 Caravan
57:40 Hand Cart
57:11 Town Watch
59:00 Leather Archer Armor
58:36 Fletching
62:08 Bodkin Arrow
AmiralBonzai
4:36 Loom
13:55 Feudal Age
20:12 Double-Bit Axe
26:03 Castle Age
24:19 Padded Archer Armor
24:30 Forging
31:23 Town Watch
32:14 Wheelbarrow
35:33 Pikeman
36:13 Squires
35:34 Man-at-Arms
48:35 Gold Mining
48:35 Stone Mining
49:06 Hand Cart
51:52 Thumb Ring
58:51 Caravan
60:35 Coinage
Connection lost

Rejoining the realm…

Still unreachable

The connection could not be restored.

Session expired

The server has moved on; the page needs a fresh start.